 Dungeon Crawl Stone Soup version 0.26-a0-1205-g4083c211ab (webtiles) character file.

Game seed: 15258491521039626417

18 Goblin1989 the Sneak (level 2, -4/24 HPs)
             Began as a Demonspawn Delver on Dec 30, 2020.
             Killed from afar by an orc wizard (6 damage)
             ... with a magic dart
             ... on level 5 of the Dungeon.
             The game lasted 00:02:39 (239 turns).

Goblin1989 the Sneak (Demonspawn Delver)             Turns: 239, Time: 00:02:40

Health: -4/24      AC:  3    Str: 12    XL:     2   Next: 48%
Magic:  2/2        EV: 12    Int: 11    God:
Gold:   4          SH:  0    Dex: 14    Spells: 1/1 levels left

rFire    . . .     SeeInvis .   a - +0 short sword
rCold    . . .     Faith    .   (no shield)
rNeg     . . .     Spirit   .   b - +0 leather armour
rPois    .         Reflect  .   (no helmet)
rElec    .         Harm     .   (no cloak)
rCorr    .         Rampage  .   (no gloves)
Will     .....                  (no boots)
Stlth    +++.......             (no amulet)
HPRegen  0.08/turn              (no ring)
MPRegen  0.08/turn              (no ring)

@: no status effects
A: talons 1
a: no special abilities


You were on level 5 of the Dungeon.
You visited 1 branch of the dungeon, and saw 1 of its levels.

You collected 4 gold pieces.

Inventory:

Hand Weapons
 a - a +0 short sword (weapon)
Missiles
 O - 20 stones (quivered) {@Q3}
Armour
 b - a +0 leather armour (worn)
Wands
 g - a wand of digging (3) {@v1}
Scrolls
 c - a scroll of fog
 M - a scroll of magic mapping
 N - a scroll of noise {unknown}
Potions
 f - a potion of haste {@q3,}


   Skills:
 - Level 3.0 Fighting
 + Level 2.3 Short Blades
 - Level 1.7 Dodging
 + Level 4.8 Stealth


You had one spell level left.
You didn't know any spells.
Your spell library was empty.

Dungeon Overview and Level Annotations

Branches:
Dungeon (5/15)
 Temple: D:4-7

Altars:

Annotations:
D:5 exclusion: ogre


Innate Abilities, Weirdness & Mutations

You have sharp toenails.


Message History

You take 1 damage, and have 1/24 hp.
You hit the orc.
You kill the orc!
Unknown command.
An orc comes into view. It is wielding a +0 flail.
There is an open door here.
You see here a +0 ring mail.
Things that are here:
a +0 dagger; an orc corpse A necrophage comes into view.
You start resting.
An orc is nearby!
Press: ? - help, v - describe, . - travel, g - get item
Here: an orc, wielding a +0 flail (wandering, hasn't noticed you) Item here: a +0 ring mail.
An open door.
It was a potion of curing.
You feel better.
You regained 7 hp, and now have 9/24 hp.
The orc shouts!
You closely miss the orc. You claw the orc.
The orc is heavily wounded.
The orc closely misses you.
You hit the orc.
You kill the orc!
An iguana and a giant cockroach come into view.
The iguana hisses angrily.
The iguana moves out of view.
The giant cockroach waves its antennae.
There is an open door here.
You see here a +0 ring mail.
An orc wizard comes into view. It is wielding a +0 dagger.
You barely miss the giant cockroach. You claw the giant cockroach.
The giant cockroach is severely wounded.
The giant cockroach bites you.
You barely miss the giant cockroach.
The giant cockroach is severely wounded.
The giant cockroach bites you but does no damage.
You barely miss the giant cockroach.
The giant cockroach is severely wounded.
The orc wizard shouts!
The giant cockroach bites you.
* * * LOW HITPOINT WARNING * * *
You take 1 damage, and have 10/24 hp.
You hit the giant cockroach.
You kill the giant cockroach!
An orc comes into view.
The orc moves out of view.
The orc wizard closely misses you. The orc hits you.
* * * LOW HITPOINT WARNING * * *
There is an open door here.
You take 3 damage, and have 7/24 hp.
The orc wizard casts a spell at itself.
The orc wizard flickers and vanishes!
Deactivating autopickup; reactivate with Ctrl-A.
The orc closely misses you.
There is an open door here.
The iguana closely misses you.
As you read the scroll of fear, it crumbles to dust.
You assume a fearsome visage.
The iguana looks frightened!
The orc looks frightened!
The orc yells at you, "GO AWAY!"
A puff of flame appears from out of thin air!
The puff of flame misses you.
Found 23 arrows.
A sky beast comes into view.
Found a stone staircase leading up.
The helpless sky beast fails to defend itself.
You puncture the sky beast!
The sky beast is heavily wounded.
Something tries to affect you, but you resist.
The sky beast hits you but does no damage.
You hit the sky beast.
The sky beast is severely wounded.
You are confused.
The sky beast hits you.
* * * LOW HITPOINT WARNING * * *
The sky beast shocks you.
* * * LOW HITPOINT WARNING * * *
You take 7 damage, and have 3/24 hp.
MASSIVE DAMAGE!!
You hit the sky beast but do no damage. Your kick misses the sky beast.
The sky beast is severely wounded.
The sky beast completely misses you.
Unknown command.
You hit the sky beast. Your kick misses the sky beast.
The sky beast is almost dead.
An orc wizard appears from thin air!
Reactivating autopickup.
The sky beast barely misses you. The orc wizard barely misses you.
You're too confused to move!
You feel less confused.
The orc wizard hits you with a +0 dagger.
* * * LOW HITPOINT WARNING * * *
The sky beast misses you.
You take 1 damage, and have 2/24 hp.
You hit the sky beast. Your kick misses the sky beast.
The sky beast is almost dead.
The orc wizard casts a spell at you. The magic dart hits you.
You die...

█...██.......█.....
█............█.....
█............▲.....
█............█.....
█...██...███∆█.....
█...██...█.....████
█....█...█.....█
█....█...█.....█
█.@o.█...█.....█
█.Y..∆...█.....█
█..(.█...█.....█
█....█...█.....█
█....█ ..█.....█
█...██ ..█.....████
█...█ .█.........
█.... .█.........
█.... █.........


You could see a sky beast and an orc wizard.

Vanquished Creatures
  A howler monkey skeleton (D:5)
  3 orcs (D:5)
  2 giant cockroaches (D:5)
6 creatures vanquished.

Notes
Turn   | Place    | Note
-------+----------+-------------------------------------------
     0 | D:5      | Goblin1989 the Demonspawn Delver began the quest for the
                  | Orb.
     0 | D:5      | Reached XP level 1. HP: 18/18 MP: 1/1
    13 | D:5      | Noticed an ogre
   119 | D:5      | Gained mutation: You have sharp toenails. [demonic
                  | ancestry]
   119 | D:5      | Reached XP level 2. HP: 8/24 MP: 2/2
   148 | D:5      | HP: 1/24 [orc (1)]
   153 | D:5      | Noticed a necrophage
   224 | D:5      | Noticed a sky beast
   239 | D:5      | Killed from afar by an orc wizard

Illustrated notes

Levels and vault maps discovered:
D:5:      layout_gridville, lemuel_crystal_altar, hangedman_decor_growths,
          led_sif_pool, uniq_edmund

Skill      XL: |  1 |
---------------+----+-----
Short Blades   | 2 |  2.3
Fighting       | |  3.0
Dodging        | |  1.7
Stealth        | |  4.8

Action                   || total
-------------------------++-------
Melee: Short sword       ||    35
       Kick              ||     5
  Use: Scroll            ||     1
       Potion            ||     1
 Stab: Sleeping          ||     1
Armor: Leather armour    ||     6
Dodge: Dodged            ||    19

Table legend: (Time is in decaauts)
 A = Elapsed time spent in this place.
 B = Non-inter-level travel time spent in this place.
 C = Inter-level travel time spent in this place.
 D = Time resting spent in this place.
 E = Time spent auto-exploring this place.
 F = Levels seen in this place.
 G = Mean time per level.
                   A        B        C        D        E       F      G
               +--------+--------+--------+--------+--------+-----+--------+
         Total |    239 |    239 |      0 |     18 |      0 |   1 |  239.0 |
       Dungeon |    239 |    239 |      0 |     18 |      0 |   1 |  239.0 |
               +--------+--------+--------+--------+--------+-----+--------+

Top non-repeatable levels by time:
     D:5: 239 daAuts
